Map: Dash and Terminal LE (Void)

Players

wabbajack - Winner!

  • Race: Zerg Zerg
  • League: Gold

hybillisk

  • Race: Zerg Zerg
  • League: Gold

VOD

Have the link to the VOD?

Description

Time

  • Played on: July 21, 2015, 11:19 p.m.
  • Length: 6:03
Show
View Real Time Build Order
Export as new Build Order

wabbajack Zerg - Winner!

Build Orders: Hatch First 

Get SALT Encoding   

  12  0:01  Drone  
  13  0:10  Drone  
  14  0:19  Overlord  
  14  0:26  Drone, Extractor  
  14  0:27  Extractor  
  13  0:30  Drone  
  16  0:38  Drone  
  17  0:57  Hatchery  
  16  1:12  Extractor, Spawning Pool  
  16  1:13  Drone  
  16  1:17  Drone  
  16  1:22  Drone  
  17  1:34  Drone  
  17  1:39  Drone  
  19  1:46  Overlord  
  19  1:58  Queen  
  21  2:01  Drone  
  22  2:11  Queen  
  22  2:13  Drone x2  
  26  2:17  Metabolic Boost  
  26  2:19  Zergling x2  
  26  2:21  Drone  
  28  2:33  Roach Warren  
  27  2:51  Spine Crawler  
  27  2:57  Drone  
  27  2:58  Drone x2  
  29  3:00  Drone  
  29  3:02  Overlord  
  29  3:03  Overlord  
  29  3:38  Spine Crawler  
  29  3:39  Drone  
  29  3:41  Roach  
  29  3:42  Roach x8  
  47  3:51  Overlord  
  47  3:52  Overlord  
  47  4:03  Roach x2  
  47  4:07  Extractor  
  47  4:09  Overlord  
  51  4:13  Roach  
  51  4:15  Roach  
  55  4:22  Overlord  
  55  4:31  Zergling x2  
  55  4:32  Zergling x14  
  55  4:36  Overlord  
  63  4:49  Zergling x8  
  67  4:57  Zergling x2  
  67  4:58  Zergling x8  
  72  5:01  Zergling x2  
  72  5:02  Zergling x2  
  72  5:03  Zergling x2  
  67  5:24  Zergling x2  
  67  5:25  Zergling x12  
  60  5:38  Zergling x6  
  60  5:39  Zergling x8  
Show
View Real Time Build Order
Export as new Build Order

hybillisk Zerg 

Build Orders: Hatch First 

Get SALT Encoding   

  12  0:01  Drone  
  13  0:15  Drone  
  14  0:22  Overlord  
  14  0:42  Drone x2  
  16  0:43  Drone  
  17  1:02  Hatchery  
  16  1:04  Drone  
  16  1:08  Drone  
  18  1:16  Drone  
  19  1:27  Spawning Pool  
  19  1:30  Drone  
  19  1:43  Drone  
  19  1:44  Extractor  
  19  1:53  Overlord  
  19  1:58  Drone  
  20  2:09  Drone  
  20  2:14  Queen  
  23  2:16  Queen  
  23  2:18  Zergling x2  
  23  2:20  Zergling x2  
  27  2:29  Baneling Nest  
  26  2:31  Drone  
  26  2:32  Drone  
  28  2:37  Drone  
  28  2:43  Drone  
  30  2:48  Drone  
  30  2:50  Spine Crawler  
  30  2:53  Overlord  
  30  3:03  Queen  
  31  3:18  Drone x5  
  36  3:20  Metabolic Boost  
  35  3:32  Evolution Chamber, Drone  
  35  3:36  Drone  
  35  3:37  Drone x3  
  39  3:49  Drone  
  39  3:50  Drone x3  
  39  3:51  Overlord  
  43  4:04  Zergling x2  
  43  4:05  Overlord  
  43  4:06  Overlord  
  43  4:09  Zerg Melee Weapons Level 1  
  44  4:10  Baneling Nest  
  44  4:15  Zergling x8  
  47  4:27  Hatchery  
  46  4:34  Baneling x2  
  46  4:42  Drone  
  46  4:44  Spine Crawler  
  46  4:45  Overlord  
  46  4:46  Drone  
  46  4:50  Zergling x6  
  46  4:51  Zergling x8  
  54  4:54  Zergling x2  
  54  4:55  Zergling x4  
  54  4:58  Zergling x2  
  58  5:01  Zergling x4  
  59  5:15  Zergling x4  
  57  5:22  Zergling x10  
  57  5:27  Zergling x8  
  57  5:28  Zergling x2  
  54  5:34  Zergling x2  
  50  5:36  Zergling x2  
  50  5:39  Zergling x2  
Tags
 
Add a new tag
Caveats
  • Supply blocks, unpowered buildings, or Contaminate may cause inaccurate times.
  • Supply counts are checked every 10 seconds.